 Dungeon Crawl Stone Soup version 0.30-a0-1018-g25214051b3 (webtiles) character file.

Game seed: 694121630452860315

1667 Maxmaps the Trooper (level 8, -6/57 (64) HPs)
             Began as a Demonspawn Monk on Apr 7, 2023.
             Was an Initiate of Gozag.
             Killed by divine providence
             ... invoked by an orc priest
              (13 damage)
             ... on level 7 of the Dungeon.
             The game lasted 00:11:31 (5452 turns).

Maxmaps the Trooper (Demonspawn Monk)               Turns: 5452, Time: 00:11:32

HP:   -6/57 (64)    AC: 11    Str: 12    XL:     8   Next: 69%
MP:   14/15         EV:  7    Int: 17    God:    Gozag
Gold: 759           SH:  5    Dex: 14    Spells: 16/16 levels left

rFire   . . .      SeeInvis .      - Unarmed
rCold   + . .      Faith    .    (no shield)
rNeg    . . .      Spirit   .    j - +0 chain mail
rPois   .          Reflect  +    (helmet restricted)
rElec   .          Rampage  .    q - +0 cloak
rCorr   .                        (no gloves)
Will    .....                    e - +0 pair of boots Stlth
                                 s - amulet of reflection
HPRegen 0.29/turn                (no ring)
MPRegen 0.14/turn                (no ring)

@: mighty, gold aura, heavily drained
A: powered by death 1, demonic magic 1, demonic touch 1, antennae 1, clever 1,
cold resistance 1, screaming 1
a: Renounce Religion, Potion Petition, Call Merchant, Bribe Branch


You were on level 7 of the Dungeon.
You worshipped Gozag.
Gozag was pleased with you.
You visited 2 branches of the dungeon, and saw 8 of its levels.

You collected 759 gold pieces.

Inventory:

Missiles
 v - a throwing net (quivered)
Armour
 e - a +0 pair of boots (worn)
 h - a +0 ring mail
 j - a +0 chain mail (worn)
 q - a +0 cloak (worn)
Jewellery
 f - a ring of magical power
 s - an amulet of reflection (around neck)
 u - a ring of magical power
 w - a ring of protection from cold
Wands
 n - a wand of iceblast (2)
Scrolls
 c - 4 scrolls of teleportation {unknown}
 g - 3 scrolls of noise {unknown}
 i - 7 scrolls of identify {unknown}
 k - a scroll of fog {unknown}
 l - a scroll of amnesia {unknown}
 p - 3 scrolls of enchant weapon {unknown}
 x - a scroll of poison {unknown}
 y - a scroll of immolation {unknown}
Potions
 a - a potion of cancellation
 b - a potion of attraction
 d - 5 potions of brilliance
 o - 2 potions of curing
 r - a potion of mutation
 t - a potion of haste
 z - a potion of lignification {unknown}


   Skills:
 - Level 6.2 Fighting
 - Level 4.0 Armour
 - Level 2.6 Dodging
 - Level 1.7 Stealth
 - Level 4.1 Unarmed Combat
 + Level 4.9 Spellcasting
 - Level 5.0 Evocations


You had 16 spell levels left.
You didn't know any spells.
Your spell library contained the following spells:

 Spells                   Type           Power      Damage    Failure   Level
 Apportation              Tloc           8%         N/A       97%         1
 Necrotise                Necr           16%        1d4       97%         1
 Summon Small Mammal      Summ           16%        N/A       97%         1
 Ensorcelled Hibernation  Hex/Ice        8%         N/A       99%         2
 Passwall                 Tmut/Erth      3%         N/A       99%         2
 Ozocubu's Armour         Ice            4%         N/A       100%        3
 Swiftness                Air            4%         N/A       100%        3
 Metabolic Englaciation   Hex/Ice        2%         N/A       100%        5
 Simulacrum               Ice/Necr       Unusable   N/A       N/A         6

Dungeon Overview and Level Annotations

Branches:
Dungeon (7/15)             Temple (1/1) D:4

Altars:
Cheibriados
Dithmenos
Fedhas
Gozag
Hepliaklqana
Kikubaaqudgha
Makhleb
Nemelex Xobeh
Okawaru
Qazlal
Ru
Sif Muna
Trog
Uskayaw
Vehumet
Wu Jian
Xom
Yredelemnul


Innate Abilities, Weirdness & Mutations

You regenerate a little health from kills.
Spells you cast may paralyse adjacent enemies.
Your touch may inflict minor irresistible damage on your foes.
You have a pair of small antennae on your head.
Your mind is acute. (Int +4, Str/Dex -1)
Your flesh is cold resistant. (rC+)
You occasionally shout uncontrollably at your foes.


Message History

The orc attacks as you move away! The orc hits you but does no damage.
The orc attacks as you move away! The orc closely misses you.
There is a stone staircase leading up here.
The orc barely misses you.
You climb upwards.
There is a stone staircase leading down here.
You block the orc's attack.
You climb downwards.
The wight hits you with a +5 war axe!
* * * LOW HITPOINT WARNING * * *
You feel drained.
* * * LOW HITPOINT WARNING * * *
There is a stone staircase leading up here.
You are too injured to fight recklessly!
You can't go down here!
You feel better. The wight closely misses you.
You feel very mighty all of a sudden. The wight hits you with a +5 war axe.
* * * LOW HITPOINT WARNING * * *
You feel drained.
* * * LOW HITPOINT WARNING * * *
You punch the wight!
The wight is heavily damaged.
The orc priest mumbles some strange prayers to Beogh against you.
Beogh smites you!
* * * LOW HITPOINT WARNING * * *
The wight barely misses you.
You punch the wight!
You touch the wight.
You destroy the wight!
You feel better. The wight closely misses you.
You closely miss the wight. Your touch misses the wight.
The wight hits you with a +0 long sword!
* * * LOW HITPOINT WARNING * * *
The orc is distracted by your dazzling golden aura.
You punch the wight!
The wight is severely damaged.
The wight barely misses you.
The orc priest calls down the wrath of Beogh upon you.
Beogh smites you!
You die...
Your body crumbles into a pile of gold.

### #@# ##z###
#ooo.## #.o...##
##......## ..
#...##...# ...
####..#....#
...###..#.##....#
..........#...##


You could see a wight, an orc priest and 3 orcs.

Vanquished Creatures
  Sigmund (D:4)
  An ice beast (D:5)
  A black bear (D:5)
  2 phantoms
  A bullfrog (D:7)
  A wight (D:7)
  4 scorpions
  A vampire bat (D:5)
  2 howler monkeys (D:7)
  3 orc priests
  3 hounds
  2 sleepcaps
  Jessica (D:3)
  3 orc wizards
  13 gnolls
  3 adders
  2 white imps (D:6)
  2 ufetubi
  5 worms
  2 dart slugs
  3 fire bats (D:5)
  8 orcs
  A spectral bat (D:5)
  17 bats
  3 bat skeletons (D:5)
  A bat zombie (D:5)
  8 endoplasms
  2 giant cockroaches
  8 goblins
  8 hobgoblins
  3 jackals (D:2)
  8 kobolds
  2 quokkas
  7 ball pythons
  A bat simulacrum (D:5)
  2 frilled lizards (D:2)
  6 rats
141 creatures vanquished.

Vanquished Creatures (others)
  A spectral bat (D:5)
1 creature vanquished.

Grand Total: 142 creatures vanquished

Notes
Turn   | Place    | Note
-------+----------+-------------------------------------------
     0 | D:1      | Maxmaps the Demonspawn Monk began the quest for the Orb.
     0 | D:1      | Reached XP level 1. HP: 18/18 MP: 1/1
   173 | D:1      | Gained mutation: Your touch may inflict minor irresistible
                  | damage on your foes. [demonic ancestry]
   173 | D:1      | Reached XP level 2. HP: 24/24 MP: 2/2
   712 | D:2      | Reached XP level 3. HP: 24/29 MP: 3/3
   924 | D:2      | Reached skill level 1 in Armour
   973 | D:2      | Gained mutation: Spells you cast may paralyse adjacent
                  | enemies. [demonic ancestry]
   973 | D:2      | Reached XP level 4. HP: 35/35 MP: 4/4
  1449 | D:3      | Noticed Jessica
  1464 | D:3      | Killed Jessica
  2396 | D:4      | Noticed a scorpion
  2401 | D:4      | Killed a scorpion
  2402 | D:4      | Reached XP level 5. HP: 41/41 MP: 5/5
  2654 | D:4      | Identified the +2 ring mail of the Six Hurling Dreams {rF+}
  2670 | D:4      | Reached XP level 6. HP: 30/47 MP: 6/6
  2923 | D:4      | Found a staircase to the Ecumenical Temple.
  2955 | Temple   | Entered the Ecumenical Temple
  2969 | Temple   | Reached skill level 4 in Fighting
  3156 | Temple   | Became a worshipper of Gozag Ym Sagoz the Greedy
  3235 | D:4      | Noticed Sigmund
  3291 | D:4      | Killed Sigmund
  3292 | D:4      | Reached skill level 5 in Fighting
  3292 | D:4      | Gained mutation: You regenerate a little health from kills.
                  | [demonic ancestry]
  3292 | D:4      | Reached XP level 7. HP: 48/57 MP: 7/7
  3512 | D:4      | Reached skill level 6 in Fighting
  3558 | D:5      | Entered Level 5 of the Dungeon
  3630 | D:5      | Found a blossoming altar of Fedhas.
  3639 | D:5      | Reached skill level 1 in Evocations
  3947 | D:5      | Reached XP level 8. HP: 10/64 MP: 8/8
  4226 | D:5      | Gained mutation: You have a pair of small antennae on your
                  | head. [potion of mutation]
  4226 | D:5      | Gained mutation: Your flesh is cold resistant. (rC+)
                  | [potion of mutation]
  4226 | D:5      | Gained mutation: You occasionally shout uncontrollably at
                  | your foes. [potion of mutation]
  4226 | D:5      | Gained mutation: Your mind is acute. (Int +4, Str/Dex -1)
                  | [potion of mutation]
  4238 | D:5      | Reached skill level 5 in Evocations
  4352 | D:5      | Found a shimmering blue altar of Sif Muna.
  4489 | D:5      | Reached skill level 1 in Spellcasting
  5452 | D:7      | Killed from afar by an orc priest

Illustrated notes

Levels and vault maps discovered:
D:1:      dpeg_arrival_ternary, layout_basic, hex_large, nrook_campfire,
          reono_crystal_passage, minmay_octomino_e4
D:2:      layout_basic, minmay_between
D:3:      layout_basic, minmay_cupped, uniq_jessica
D:4:      layout_basic, minmay_temple_entry_drinking_statues, uniq_sigmund
D:5:      layout_rooms, lemuel_round_altar, kennysheep_diamond, goddamned_bats
D:6:      layout_cave_pools
D:7:      layout_cave_pools, overflow_temple_1_default, zin_treasury,
          uniq_prince_ribbit1
Temple:   compressed_dpeg_circular_temple

Skill      XL: |  1  2  3  4  5  6  7  8 |
---------------+-------------------------+-----
Unarmed Combat | 3 4 |  4.1
Armour         | 1 3 4 |  4.0
Fighting       | 5 6 |  6.2
Evocations     | 4 5 |  5.0
Spellcasting   | 4 |  4.9
Dodging        | |  2.6
Stealth        | |  1.7

Action                     |  1- 3 |  4- 6 |  7- 9 || total
---------------------------+-------+-------+-------++-------
  Melee: Unarmed           |    93 |   171 |   246 ||   510
         Punch             |     2 |     2 |     6 ||    10
         Touch             |    13 |    33 |    50 ||    96
  Evoke: Wand              |       |     2 |       ||     2
    Use: Potion            |     3 |     8 |     5 ||    16
   Stab: Sleeping          |     2 |       |       ||     2
         Distracted        |       |       |     1 ||     1
 Armour: Robe              |    17 |       |       ||    17
         Ring mail         |     7 |       |       ||     7
         Chain mail        |    20 |    87 |   165 ||   272
         Skin              |     2 |       |       ||     2
  Dodge: Dodged            |    47 |    53 |    78 ||   178
  Block: Other             |       |       |    65 ||    65
         Reflection        |       |       |     1 ||     1

Table legend: (Time is in decaauts)
 A = Elapsed time spent in this place.
 B = Non-inter-level travel time spent in this place.
 C = Inter-level travel time spent in this place.
 D = Time resting spent in this place.
 E = Time spent auto-exploring this place.
 F = Levels seen in this place.
 G = Mean time per level.
                   A        B        C        D        E       F      G
               +--------+--------+--------+--------+--------+-----+--------+
         Total |   5398 |   5104 |    294 |      0 |   4112 |   8 |  674.8 |
       Dungeon |   5177 |   4920 |    257 |      0 |   3959 |   7 |  739.6 |
        Temple |    220 |    183 |     37 |      0 |    153 |   1 |  220.0 |
               +--------+--------+--------+--------+--------+-----+--------+

Top non-repeatable levels by time:
     D:5: 1231 daAuts
     D:3: 1062 daAuts
     D:4: 919 daAuts
     D:1: 698 daAuts
     D:2: 622 daAuts
     D:6: 515 daAuts
  Temple: 220 daAuts
     D:7: 128 daAuts
